 Dungeon Crawl Stone Soup version 0.24-a0-474-g47c397e050 (webtiles) character file.

Game seed: 15305458331025430504

2114 Krouwed the Bolt Thrower (level 9, 0/71 HPs)
             Began as a Human Hunter on July 5, 2019.
             Was a Priest of Okawaru.
             Hit by a boomerang thrown by an orc warrior (13 damage)
             ... on level 7 of the Dungeon.
             The game lasted 00:19:05 (5552 turns).

Krouwed the Bolt Thrower (Human Hunter)             Turns: 5552, Time: 00:19:05

Health: 0/71       AC: 14    Str: 15    XL:     9   Next: 53%
Magic:  0/12       EV:  7    Int: 13    God:    Okawaru [***...]
Gold:   132        SH:  0    Dex: 13    Spells: 12/12 levels left

rFire    . . .     SeeInvis .   a - +4 hand crossbow
rCold    . . .     Gourm    .   (no shield)
rNeg     . . .     Faith    .   s - +0 chain mail
rPois    .         Spirit   +   h - +1 helmet
rElec    .         Reflect  .   v - scarf {Spirit}
rCorr    .         Harm     .   q - +1 pair of gloves
MR       .....                  (no boots)
Stlth    ..........             (no amulet)
HPRegen  0.21/turn              (no ring)
MPRegen  0.13/turn              (no ring)

@: studying Spellcasting
A: no striking features
a: Heroism, Renounce Religion


You were on level 7 of the Dungeon.
You worshipped Okawaru.
Okawaru was most pleased with you.
You were not hungry.

You visited 1 branch of the dungeon, and saw 7 of its levels.

You collected 393 gold pieces.
You spent 261 gold pieces at shops.

Inventory:

Hand Weapons
 a - a +4 hand crossbow (weapon)
 b - the +11 short sword "Trog's Vengeance" {freeze, *Slow Str+3 Int+2}
   (You found it on level 5 of the Dungeon)

   It has been specially enchanted to freeze those struck by it, causing extra
   injury to most foes and up to half again as much damage against particularly
   susceptible opponents.
   It can also slow down cold-blooded creatures.
   It affects your strength (+3).
   It affects your intelligence (+2).
   It may slow you when you take damage.
 m - a +2 dagger of venom
 z - a +2 vampiric dagger
Missiles
 d - 21 bolts (quivered)
 n - 13 poisoned darts
Armour
 h - a +1 helmet (worn)
 q - a +1 pair of gloves (worn)
 s - a +0 chain mail (worn)
 v - a scarf of spirit shield (worn)
Jewellery
 g - a +2 ring of protection {unknown}
 t - a +2 ring of intelligence {unknown}
Wands
 u - a wand of random effects (23)
 y - a wand of disintegration (10)
 A - a wand of paralysis (6)
 C - a wand of clouds (4)
Scrolls
 c - 2 scrolls of identify
 i - 6 scrolls of teleportation
 k - 3 scrolls of amnesia
 x - 2 scrolls of enchant armour
 B - 2 scrolls of remove curse
 F - a scroll of fear {unknown}
Potions
 e - a potion of brilliance
 j - 2 potions of curing {unknown}
 l - 2 potions of cancellation {unknown}
 o - 4 potions of heal wounds
 p - 2 potions of agility {unknown}
 r - 3 potions of degeneration {unknown}
 w - 3 potions of flight {unknown}
Books
 E - a manual of Spellcasting
Comestibles
 f - 11 rations


   Skills:
 + Level 6.4 Fighting
 + Level 4.3 Short Blades
 + Level 7.4 Crossbows
 + Level 4.8 Armour
 - Level 2.0 Dodging
 - Level 1.0 Stealth
 + Level 2.0 Spellcasting
 - Level 4.0 Invocations
 + Level 1.0 Evocations


You had 12 spell levels left.
You didn't know any spells.
Your spell library contained the following spells:

 Spells                   Type           Power        Failure   Level  Hunger
 Animate Skeleton         Necr           N/A          99%         1    ##.....
 Pain                     Necr           #...         99%         1    ##.....
 Regeneration             Chrm/Necr      #.........   100%        3    ####...
 Vampiric Draining        Necr           #.........   100%        3    ####...
 Animate Dead             Necr           N/A          100%        4    #####..


Dungeon Overview and Level Annotations

Branches:
Dungeon (7/15)             Temple (0/1) D:5

Altars:
Cheibriados
Gozag
Kikubaaqudgha
Okawaru
Ru
Sif Muna
Xom
Yredelemnul
The Shining One

Shops:
D:5 *

Annotations:
D:5 2 transporters, exclusion: oklob sapling, Trueduck's ghost, novice NaTm


Message History

Press: ? - help, Shift-Dir - straight line, f/p - orc warrior
Aim: an orc warrior, wielding a +0 battleaxe and wearing a +0 chain mail (almost dead)
You shoot a bolt.
The bolt hits the orc warrior but does no damage.
The orc warrior is almost dead.
The orc warrior throws a boomerang.
The boomerang hits you!
* * * LOW HITPOINT WARNING * * *
The weapon returns to the orc warrior!
Firing (i - inventory. (/) - cycle)
d - 23 bolts (quivered)
Press: ? - help, Shift-Dir - straight line, f/p - orc warrior
Aim: an orc warrior, wielding a +0 battleaxe and wearing a +0 chain mail (almost dead)
You shoot a bolt.
The bolt closely misses the orc warrior.
Firing (i - inventory. (/) - cycle)
d - 22 bolts (quivered)
Press: ? - help, Shift-Dir - straight line, f/p - orc warrior
Aim: an orc warrior, wielding a +0 battleaxe and wearing a +0 chain mail (almost dead)
You shoot a bolt.
The bolt closely misses the orc warrior.
The orc warrior throws a boomerang.
The boomerang hits you!
You die...

#o.# #..#
#..# ####
###..# ...
#....# # ####
#..
#.##.#'#+#...
+..
#.##..((...#
#..
#.##.......#
#..
#@(o(...(..#
#..
#<###......#
#..
#.###......#
#..
#......#.#.#
#.#
########.#.#
#.#
#.#.#####.#
#.#.##....#
#.#.##.####
#.#.##.#


You could see an orc warrior.

Vanquished Creatures
  Grinder (D:6)
  A sky beast (D:5)
  2 ice beasts
  An orc warrior (D:6)
  3 ogres
  2 necrophages
  4 bullfrogs
  4 wights (D:6)
  2 howler monkeys
  A crimson imp (D:6)
  3 hounds
  A jelly (D:7)
  An orc wizard (D:7)
  A bullfrog skeleton (D:5)
  Jessica (D:2)
  2 iguanas
  7 worker ants
  Robin (D:2)
  A howler monkey skeleton (D:6)
  5 adders
  An adder skeleton (D:3)
  A worm (D:2)
  7 dart slugs
  3 leopard geckos
  15 orcs
  5 bats
  6 giant cockroaches
  13 goblins
  6 hobgoblins
  A quokka (D:5)
  A ball python (D:2)
  5 frilled lizards
  5 kobolds
  7 rats
120 creatures vanquished.

Notes
Turn   | Place    | Note
-------+----------+-------------------------------------------
     0 | D:1      | Krouwed the Human Hunter began the quest for the Orb.
     0 | D:1      | Reached XP level 1. HP: 16/16 MP: 1/1
    87 | D:1      | Reached XP level 2. HP: 22/22 MP: 2/2
   384 | D:1      | Reached XP level 3. HP: 28/28 MP: 3/3
   651 | D:1      | You fall into a shaft and drop 1 floor!
   658 | D:2      | Noticed Jessica
   660 | D:2      | Killed Jessica
   669 | D:2      | Reached XP level 4. HP: 35/35 MP: 4/4
   913 | D:2      | Noticed Robin
  1263 | D:2      | Reached skill level 5 in Crossbows
  1308 | D:2      | Killed Robin
  1308 | D:2      | Reached XP level 5. HP: 6/41 MP: 5/5
  1657 | D:2      | Found a faded altar of an unknown god.
  1741 | D:2      | Found a deep blue altar of Sif Muna.
  2172 | D:3      | Found an ancient bone altar of Kikubaaqudgha.
  2262 | D:3      | Found a basalt altar of Yredelemnul.
  2264 | D:3      | Found an iron altar of Okawaru.
  2281 | D:3      | Became a worshipper of Warmaster Okawaru
  2612 | D:4      | Found a snail-covered altar of Cheibriados.
  2617 | D:4      | Noticed an ogre
  2620 | D:4      | Killed an ogre
  2620 | D:4      | Reached skill level 1 in Armour
  2620 | D:4      | Reached XP level 6. HP: 49/49 MP: 6/6
  2695 | D:4      | Found a shimmering altar of Xom.
  2715 | D:4      | Found a shimmering altar of Xom.
  2715 | D:4      | Found a shimmering altar of Xom.
  2716 | D:4      | Found a shimmering altar of Xom.
  2812 | D:4      | Found a shimmering altar of Xom.
  3024 | D:4      | Reached XP level 7. HP: 55/55 MP: 7/7
  3114 | D:4      | Reached * piety under Okawaru
  3114 | D:4      | Reached skill level 1 in Short Blades
  3114 | D:4      | Reached skill level 6 in Crossbows
  3278 | D:5      | Entered Level 5 of the Dungeon
  3591 | D:5      | Found a transporter.
  3594 | D:5      | Found a transporter.
  3594 | D:5      | Noticed Trueduck's ghost (novice NaTm)
  3596 | D:5      | Got an ancient short sword
  3614 | D:5      | Found an opulent altar of Gozag.
  3649 | D:5      | Found a sacrificial altar of Ru.
  3767 | D:5      | Reached skill level 5 in Fighting
  3898 | D:5      | Found a staircase to the Ecumenical Temple.
  3914 | D:5      | Reached skill level 1 in Invocations
  4161 | D:5      | Identified the +6 dire flail of Desperation {protect, rElec
                  | rF- MP+9 Int+4}
  4315 | D:5      | Found Rishrygh's Assorted Antiques.
  4368 | D:5      | Bought a scroll of identify for 58 gold pieces
  4368 | D:5      | Bought a jewelled dagger for 203 gold pieces
  4368 | D:5      | Identified the +11 short sword "Trog's Vengeance" {freeze,
                  | *Slow Str+3 Int+2} (You found it on level 5 of the Dungeon)
  4369 | D:5      | Identified the cursed +0 dagger "Ivuat" {venom, rN+ Int+4}
                  | (You bought it in a shop on level 5 of the Dungeon)
  4477 | D:6      | Reached XP level 8. HP: 62/62 MP: 9/9
  4527 | D:6      | Reached ** piety under Okawaru
  4682 | D:6      | Noticed Grinder
  4697 | D:6      | Killed Grinder
  4697 | D:6      | Reached skill level 7 in Crossbows
  4697 | D:6      | Reached XP level 9. HP: 59/69 MP: 9/11
  5026 | D:6      | Reached *** piety under Okawaru
  5151 | D:7      | Found a glowing golden altar of the Shining One.
  5248 | D:7      | Reached skill level 1 in Spellcasting
  5343 | D:6      | Received a gift from Okawaru
  5484 | D:6      | Reached skill level 1 in Evocations
  5552 | D:7      | Hit by a boomerang thrown by an orc warrior

Levels and vault maps discovered:
D:1:      wander_arrival_abandoned_jail, layout_loops_ring
D:2:      layout_loops_ring, lemuel_doored_altar,
          chequers_ecumenical_altar_grove, chequers_serial_rivers_marsh,
          hangedman_decor_growths, uniq_robin, uniq_jessica
D:3:      layout_rooms, lemuel_crystal_altar,
          chequers_temple_overflow_statue_of_worship
D:4:      layout_loops_ring, kennysheep_slug_shrine, xom_redecorated,
          first_ration
D:5:      layout_basic, nicolae_ru_path_of_blood,
          nicolae_gozag_cash_rules_everything_around_me,
          minmay_temple_entry_oklob, gammafunk_ghost_smash, serial_shops, shop
D:6:      layout_loops_ring, minmay_manual_macuahuitl, uniq_grinder
D:7:      layout_basic, old_standard_altar

Skill      XL: |  1  2  3  4  5  6  7  8  9 |
---------------+----------------------------+-----
Fighting       | 3 4 5 6 |  6.4
Crossbows      | 5 6 7 |  7.4
Armour         | 1 3 4 |  4.8
Short Blades   | 2 3 4 |  4.3
Invocations    | 1 3 4 |  4.0
Spellcasting   | 2 |  2.0
Evocations     | 1 |  1.0
Dodging        | |  2.0
Stealth        | |  1.0

Action                   |  1- 3 |  4- 6 |  7- 9 || total
-------------------------+-------+-------+-------++-------
Melee: Dagger            |    39 |   129 |    40 ||   208
       Short sword       |       |       |    87 ||    87
 Fire: Hand crossbow     |     8 |    27 |    88 ||   123
Throw: Dart              |       |    15 |       ||    15
Invok: Heroism           |       |       |     1 ||     1
  Use: Scroll            |       |    10 |     6 ||    16
  Eat: Chunk             |       |     6 |     5 ||    11
       Ration            |       |       |     1 ||     1
Armor: Leather armour    |     9 |    15 |       ||    24
       Chain mail        |       |    21 |    93 ||   114
Dodge: Dodged            |    22 |    67 |    51 ||   140

Table legend:
 A = Non-vault XP
 B = Vault XP
 C = Vault XP percentage of total XP
 D = Non-vault monster count
 E = Vault monster count
 F = Vault count percentage of total count
                 A         B        C        D         E       F
            +---------+---------+-------+---------+---------+-------
      Total |    2375 |     646 |  21.4 |      97 |      23 |  19.2
            +---------+---------+-------+---------+---------+-------
        D:1 |      33 |       4 |  10.8 |      16 |       2 |  11.1
        D:2 |     107 |      71 |  39.9 |      21 |      12 |  36.4
        D:3 |      45 |       0 |   0.0 |      13 |       0 |   0.0
        D:4 |     338 |       4 |   1.2 |      16 |       1 |   5.9
        D:5 |     404 |       0 |   0.0 |       8 |       0 |   0.0
        D:6 |     952 |     567 |  37.3 |      14 |       8 |  36.4
        D:7 |     496 |       0 |   0.0 |       9 |       0 |   0.0
            +---------+---------+-------+---------+---------+-------
